 Dungeon Crawl Stone Soup version 0.26.1-11-gd32895ea62 (webtiles) character file.

Game seed: 1291900763028738663

6550 H0rd4k the Martial Artist (level 11, -5/72 HPs)
             Began as an Octopode Transmuter on May 10, 2021.
             Was an Initiate of Gozag.
             Slain by a yak (8 damage)
             ... while paralysed by Sonja
             ... on level 1 of the Lair of Beasts.
             The game lasted 00:22:12 (11426 turns).

H0rd4k the Martial Artist (Octopode Transmuter)    Turns: 11426, Time: 00:22:15

Health: -5/72      AC:  1    Str: 10    XL:     11   Next: 1%
Magic:  19/19      EV:  2    Int: 24    God:    Gozag
Gold:   1563       SH:  0    Dex: 13    Spells: 9/21 levels left

rFire    . . .     SeeInvis .     - Unarmed
rCold    . . .     Faith    .   (no shield)
rNeg     . . .     Spirit   .   (helmet restricted)
rPois    .         Reflect  .   b - amulet of regeneration
rElec    .         Harm     .   g - ring of resist corrosion
rCorr    +         Rampage  .   z - +6 ring of intelligence
Will     .....                  (no ring)
Stlth    ++++......             (no ring)
HPRegen  0.62/turn              (no ring)
MPRegen  0.16/turn              (no ring)
                                (no ring)
                                (no ring)

@: paralysed, lethally poisoned (-5 -> -35), slowed
A: almost no armour, stealthy swim, amphibious, 8 rings, constrict 8, camouflage
1, gelatinous body 1
a: Renounce Religion, Potion Petition, Call Merchant, Bribe Branch


You were on level 1 of the Lair of Beasts.
You worshipped Gozag.
Gozag was most pleased with you.
You visited 3 branches of the dungeon, and saw 13 of its levels.

You collected 1833 gold pieces.
You spent 118 gold pieces at shops.
You paid 152 gold pieces to Gozag.

Inventory:

Hand Weapons
 e - a +2 hunting sling of freezing
Missiles
 t - 4 curare-tipped darts
 x - 39 poisoned darts (quivered)
Jewellery
 b - an amulet of regeneration (around mantle)
 g - a ring of resist corrosion (left tentacle)
 p - an uncursed amulet of magic regeneration
 z - a +6 ring of intelligence (right tentacle)
 F - an uncursed amulet of reflection
Wands
 h - a wand of disintegration (2)
 u - a wand of flame (11)
 B - a wand of paralysis (15)
 C - a wand of polymorph (8)
 E - a wand of iceblast (4)
Scrolls
 a - 4 scrolls of teleportation
 d - 4 scrolls of remove curse
 m - 5 scrolls of magic mapping
 v - 2 scrolls of enchant armour {unknown}
 w - 2 scrolls of amnesia
 y - a scroll of acquirement
 A - a scroll of fog {unknown}
 D - a scroll of fear {unknown}
 G - a scroll of enchant weapon
 H - 3 scrolls of blinking
 I - a scroll of noise {unknown}
Potions
 c - 2 potions of invisibility
 f - 4 potions of might
 i - a potion of resistance
 j - a potion of degeneration
 k - 13 potions of curing
 l - 2 potions of mutation
 n - a potion of lignification
 o - a potion of heal wounds
 q - 2 potions of magic
 r - a potion of flight
 s - 4 potions of haste


   Skills:
 * Level 5.2 Fighting
 + Level 4.9 Dodging
 + Level 4.7 Stealth
 + Level 11.0 Unarmed Combat
 + Level 5.9 Spellcasting
 + Level 6.3 Transmutations
 + Level 4.1 Poison Magic
 + Level 2.2 Evocations


You had 9 spell levels left.
You knew the following spells:

 Your Spells              Type           Power        Failure   Level
a - Beastly Appendage     Tmut           74%          1%          1
b - Spider Form           Tmut/Pois      16%          2%          3
c - Confusing Touch       Hex            7%           24%         3
d - Blade Hands           Tmut           18%          17%         5

Your spell library contained the following spells:

 Spells                   Type           Power        Failure   Level
 Wereblood                Tmut           37%          1%          2
 Animate Skeleton         Necr           14%          9%          1
 Apportation              Tloc           14%          9%          1
 Corona                   Hex            7%           9%          1
 Magic Dart               Conj           28%          9%          1
 Summon Small Mammal      Summ           28%          9%          1
 Ensorcelled Hibernation  Hex/Ice        14%          12%         2
 Searing Ray              Conj           14%          12%         2
 Ice Form                 Ice/Tmut       22%          22%         4
 Petrify                  Tmut/Erth      22%          22%         4
 Dazzling Flash           Conj/Hex       14%          24%         3
 Gell's Gravitas          Tloc           3%           24%         3
 Tukima's Dance           Hex            7%           24%         3
 Yara's Violent Unravell  Hex/Tmut       11%          52%         5
 Fulminant Prism          Conj/Hex       3%           63%         4
 Iskenderun's Mystic Bla  Conj/Tloc      7%           63%         4
 Metabolic Englaciation   Hex/Ice        3%           92%         5


Dungeon Overview and Level Annotations

Branches:
Dungeon (11/15)            Temple (1/1) D:5            Lair (1/6) D:10
    Orc (0/2) D:11

Altars:
Ashenzari
Cheibriados
Dithmenos
Elyvilon
Fedhas
Gozag
Hepliaklqana
Kikubaaqudgha
Makhleb
Nemelex Xobeh
Okawaru
Qazlal
Ru
Sif Muna
Trog
Uskayaw
Wu Jian
Xom
Yredelemnul
Zin
The Shining One
Beogh

Shops:
D:7 [   D:8 *}[!}

Annotations:
D:2 Terence
D:3 exclusion: ice beast
D:4 1 runed translucent door, exclusions: door and upstairs, Crazy Yiuf
D:5 exclusion: phantom, Grinder
D:6 exclusion: upstairs
D:7 3 runed translucent doors, exclusion: 3 doors, kalagan's ghost, novice DECj
D:8 3 runed translucent doors, exclusion: 3 doors, Hank's ghost, novice DsAK
D:9 exclusions: big kobold and killer bee
D:11 exclusions: skeletal warrior and upstairs
Lair:1 Sonja


Innate Abilities, Weirdness & Mutations

You cannot wear most types of armour.
You are very stealthy in the water. (Stealth+)
You are amphibious.
You can wear up to eight rings at the same time.
You can use your tentacles to constrict eight enemies at once.
Your skin changes colour to match your surroundings (Stealth+).
Your rubbery body absorbs attacks. (AC +1, EV +1)


Message History

You have difficulty breathing.
You feel as though you will be slow longer.
You see here a curare-tipped dart.
You feel very sick.
Sonja zaps a wand.
You suddenly lose the ability to move!
A water moccasin comes into view.
You feel sick.
Sonja zaps a wand.
You shrug off the repeated paralysis!
The yak gores you!
You feel sick.
The yak gores you! x2; Sonja throws a curare-tipped dart.
The curare-tipped dart hits you.
You are more poisoned.
You have difficulty breathing.
You feel as though you will be slow longer.
You feel very sick. The cane toad stings you!!
* * * LOW HITPOINT WARNING * * *
You are more poisoned.
The cane toad poisons you! The yak barely misses you. The yak gores you!
You die...
Your body crumbles into a pile of gold.

........# ........#
......... #...Y....
#######..^.Y.
........Y..
....S....# # .
.......<#####.#....
.......(YYY@F.Y....
..........Y#.##....
..........Y...... .
...##.####.#.###.
.. ## #.#.# . .....
...#.# ...... ....


You could see 6 yaks, a cane toad and a water moccasin (wandering).

Vanquished Creatures
  Harold (D:8)
  Prince Ribbit (D:5)
  Sigmund (D:2)
  2 wyverns
  A basilisk (D:10)
  A steam dragon (D:8)
  A soldier ant (D:11)
  3 water moccasins
  2 black bears
  An ice beast (D:11)
  4 orc warriors
  3 ogres
  2 necrophages (D:7)
  2 sky beasts
  An eye of draining (D:8)
  A phantom (D:7)
  4 centaurs
  4 big kobolds
  6 bullfrogs
  A gnoll sergeant (D:7)
  4 scorpions
  4 wights (D:7)
  5 howler monkeys
  4 hounds
  A jelly (D:8)
  3 bullfrog skeletons
  12 orc priests
  5 orc wizards
  3 iguanas
  5 worker ants
  A hound skeleton (D:5)
  A worker ant zombie (D:7)
  16 gnolls
  A howler monkey skeleton (D:4)
  12 adders
  4 shadow imps
  A white imp (D:4)
  2 ufetubi
  2 oozes
  2 adder zombies
  An adder skeleton (D:6)
  6 worms
  A dart slug (D:3)
  8 leopard geckos
  48 orcs
  2 ball pythons
  10 bats
  A bat zombie (D:1)
  4 giant cockroaches (D:4)
  4 goblins (D:3)
  7 hobgoblins
  7 jackals
  2 quokkas
  2 frilled lizards (D:2)
  A giant cockroach zombie (D:1)
  A jackal zombie (D:2)
  31 kobolds
  8 rats
274 creatures vanquished.

Notes
Turn   | Place    | Note
-------+----------+-------------------------------------------
     0 | D:1      | H0rd4k the Octopode Transmuter began the quest for the Orb.
     0 | D:1      | Reached XP level 1. HP: 13/13 MP: 3/3
   379 | D:1      | Reached XP level 2. HP: 16/18 MP: 5/5
  1057 | D:2      | Noticed Sigmund
  1069 | D:2      | Killed Sigmund
  1070 | D:2      | Reached skill level 4 in Unarmed Combat
  1070 | D:2      | Reached XP level 3. HP: 6/23 MP: 6/6
  1070 | D:2      | Reached XP level 4. HP: 7/28 MP: 7/7
  1070 | D:2      | Reached XP level 5. HP: 9/33 MP: 8/8
  1074 | D:2      | Learned a level 3 spell: Spider Form
  1303 | D:2      | Noticed Terence
  1389 | D:2      | Reached skill level 1 in Poison Magic
  1783 | D:2      | Reached XP level 6. HP: 36/38 MP: 9/9
  2105 | D:2      | Reached skill level 5 in Unarmed Combat
  2620 | D:3      | Noticed an ice beast
  2799 | D:4      | Reached XP level 7. HP: 42/44 MP: 7/11
  3527 | D:3      | Reached skill level 6 in Unarmed Combat
  4599 | D:4      | Found a runed translucent door.
  4600 | D:4      | Noticed Crazy Yiuf
  4648 | D:5      | Entered Level 5 of the Dungeon
  4682 | D:5      | Learned a level 3 spell: Confusing Touch
  4688 | D:5      | Learned a level 5 spell: Blade Hands
  4753 | D:5      | Found a staircase to the Ecumenical Temple.
  4768 | Temple   | Entered the Ecumenical Temple
  4835 | Temple   | Became a worshipper of Gozag Ym Sagoz the Greedy
  4981 | D:5      | Noticed Prince Ribbit
  4989 | D:5      | Reached XP level 8. HP: 50/50 MP: 9/13
  4990 | D:5      | Killed Prince Ribbit
  4991 | D:5      | Reached skill level 7 in Unarmed Combat
  5077 | D:5      | Noticed Grinder
  6830 | D:7      | Reached skill level 8 in Unarmed Combat
  6830 | D:7      | Reached XP level 9. HP: 39/57 MP: 13/15
  7386 | D:7      | Reached skill level 5 in Transmutations
  7386 | D:7      | Reached skill level 1 in Evocations
  7498 | D:7      | Found Fioch's Armour Shoppe.
  7508 | D:7      | Noticed kalagan's ghost (novice DECj)
  7668 | D:7      | Found a runed translucent gate.
  7668 | D:7      | Found a runed translucent gate.
  7668 | D:7      | Found a runed translucent gate.
  7796 | D:8      | Reached skill level 9 in Unarmed Combat
  8111 | D:8      | Found a sacrificial altar of Ru.
  8144 | D:8      | Found Zalialel's Armour Emporium.
  8280 | D:8      | Found Tuackipa's Gadget Emporium.
  8327 | D:8      | Reached skill level 5 in Spellcasting
  8430 | D:8      | Found Apricroa's Distillery.
  8525 | D:8      | Noticed Harold
  8559 | D:8      | Killed Harold
  8560 | D:8      | Reached skill level 10 in Unarmed Combat
  8560 | D:8      | Reached XP level 10. HP: 37/65 MP: 16/18
  8791 | D:8      | Found a runed translucent gate.
  8792 | D:8      | Found a runed translucent gate.
  8792 | D:8      | Found a runed translucent gate.
  8792 | D:8      | Noticed Hank's ghost (novice DsAK)
  8829 | D:8      | Found Wuuv's General Store.
  8844 | D:8      | Bought a scroll of magic mapping for 38 gold pieces
  9073 | D:8      | Found Baoq's Gadget Emporium.
  9133 | D:8      | Bought a wand of paralysis (6) for 80 gold pieces
  9817 | D:9      | Noticed a five-headed hydra
  9817 | D:9      | Noticed a two-headed ogre
 10215 | D:9      | Identified a scroll of acquirement
 10301 | D:10     | Entered Level 10 of the Dungeon
 10586 | D:10     | Found a staircase to the Lair.
 10603 | D:10     | Noticed a boulder beetle
 10607 | D:10     | Found a stormy altar of Qazlal.
 10679 | D:10     | Noticed a five-headed hydra
 11017 | D:11     | Noticed a skeletal warrior
 11017 | D:11     | Noticed a skeletal warrior
 11017 | D:11     | Noticed a skeletal warrior
 11017 | D:11     | Noticed a skeletal warrior
 11069 | D:11     | Reached skill level 5 in Fighting
 11085 | D:11     | Noticed a two-headed ogre
 11153 | D:11     | Found a staircase to the Orcish Mines.
 11268 | D:11     | Found a roughly hewn altar of Beogh.
 11280 | D:11     | Reached skill level 11 in Unarmed Combat
 11283 | D:11     | Reached XP level 11. HP: 23/72 MP: 14/19
 11419 | Lair:1   | Entered Level 1 of the Lair of Beasts
 11420 | Lair:1   | Noticed Sonja
 11423 | Lair:1   | Paralysed by Sonja for 5 turns
 11426 | Lair:1   | HP: 3/72 [cane toad (22)]
 11426 | Lair:1   | Slain by a yak

Illustrated notes

Levels and vault maps discovered:
D:1:      saegor_arrival_fortress, layout_basic, serial_rivers,
          chequers_serial_rivers_micro_a, chequers_serial_rivers_small_3,
          chequers_serial_rivers_small_b, chequers_serial_rivers_marsh,
          chequers_serial_rivers_room_b, chequers_serial_rivers_room_b,
          minmay_liquid_box
D:2:      layout_loops_cross, minivault_24, uniq_terence, uniq_sigmund
D:3:      layout_basic
D:4:      layout_loops_corners, uniq_crazy_yiuf_cottage
D:5:      layout_basic, minmay_temple_entry_tees, uniq_grinder,
          uniq_prince_ribbit1
D:6:      layout_basic
D:7:      layout_rooms, serial_shops, kennysheep_mini, gammafunk_ghost_icy
D:8:      layout_cave_pods, kennysheep_little_box, ebering_ghost_rock_garden,
          serial_shops, nicolae_shop_stone, nicolae_shop_crystal,
          nicolae_shop_behind_doors, shop_fountains, shop, uniq_harold
D:9:      layout_small_grid, wad_scary_box
D:10:     layout_basic, david_lair_generic, special_room [special_room_bee],
          nicolae_qazlal_eye_of_the_storm
D:11:     layout_stronghold, minmay_orc_entry_temple_small
Temple:   compressed_dpeg_triangle_lava_temple
Lair:1:   layout_long_grid, special_room, beast_lair_carwin_4,
          grunt_megastairs_3, serial_bayou_shore_a, uniq_sonja

Skill      XL: |  1  2  3  4  5  6  7  8  9 10 |
---------------+-------------------------------+-----
Stealth        | 3 4 |  4.7
Unarmed Combat | 4 5 6 8 10 11 | 11.0
Poison Magic   | 1 2 3 4 |  4.1
Transmutations | 3 4 5 6 |  6.3
Spellcasting   | 3 4 5 |  5.9
Fighting       | 2 3 4 5 |  5.2
Dodging        | 3 4 |  4.9
Evocations     | 2 |  2.2

Action                   |  1- 3 |  4- 6 |  7- 9 | 10-12 || total
-------------------------+-------+-------+-------+-------++-------
Melee: Unarmed           |    39 |   128 |   377 |   234 ||   778
       Constrict         |    12 |    25 |    71 |    26 ||   134
       Tentacles         |    10 |    15 |    50 |    14 ||    89
       Punch             |     1 |     1 |    10 |     7 ||    19
Throw: Dart              |       |       |     1 |       ||     1
 Cast: Spider Form       |       |     2 |    11 |    13 ||    26
       Blade Hands       |       |       |     1 |     2 ||     3
Evoke: Wand              |       |       |    23 |     2 ||    25
  Use: Scroll            |       |     6 |     1 |    12 ||    19
       Potion            |       |       |     2 |     1 ||     3
 Stab: Sleeping          |     5 |    13 |    14 |     6 ||    38
       Distracted        |       |       |     2 |     4 ||     6
Armor: Skin              |     2 |    12 |    19 |     7 ||    40
Dodge: Dodged            |    27 |    77 |   235 |   148 ||   487
